 Dungeon Crawl Stone Soup version 0.16.0 (webtiles) character file.

3885 Fiveotanaka the Destroyer (level 10, -4/63 HPs)
             Began as a Demonspawn Wizard on Mar 19, 2015.
             Was a Follower of Vehumet.
             Killed by divine providence
             ... invoked by an orc priest
              (13 damage)
             ... on level 9 of the Dungeon.
             The game lasted 00:38:44 (11361 turns).

Fiveotanaka the Destroyer (Demonspawn Wizard)      Turns: 11361, Time: 00:38:44

Health: -4/63      AC:  4    Str:  8    XL:     10   Next: 0%
Magic:  30/30      EV: 17    Int: 23    God:    Vehumet [*.....]
Gold:   477        SH:  0    Dex: 11    Spells: 5 memorised, 7 levels left

rFire  . . .     SeeInvis .     i - +1 dagger (venom)
rCold  . . .     Clarity  .     a - +0 robe
rNeg   . . .     SustAb   .     (no shield)
rPois  +         Gourm    +     L - +0 helmet
rElec  .         Spirit   .     (no cloak)
rCorr  .         Warding  .     (no gloves)
rMut   .         Stasis   .     p - +0 pair of boots
MR     .....                    s - amulet of the gourmand
Stlth  ++........               E - ring of poison resistance
                                R - ring of magical power

@: repel missiles, not resistant to hostile enchantments, unstealthy
A: repulsion field 2, blurry vision 2, mutation resistance 1, powered by death
2, spiny 2
a: Renounce Religion


You were on level 9 of the Dungeon.
You worshipped Vehumet.
Vehumet was aware of your devotion.
You were very full.

You visited 2 branches of the dungeon, and saw 10 of its levels.
You also visited: Sewer.

You collected 477 gold pieces.

Inventory:

Hand weapons
 i - a +1 dagger of venom (weapon)
 A - a cursed -1 blowgun
Missiles
 g - 272 stones (quivered)
 B - 16 poisoned needles
Armour
 a - a +0 robe (worn)
 b - a +0 hat
 p - a +0 pair of boots (worn)
 L - a +0 helmet (worn)
Jewellery
 j - an uncursed ring of positive energy
 s - an amulet of the gourmand (around neck)
 y - an uncursed ring of positive energy
 E - a ring of poison resistance (right hand)
 F - an uncursed amulet of resist corrosion {unknown}
 J - a +4 ring of strength
 O - an uncursed amulet of warding {unknown}
 R - a ring of magical power (left hand)
Magical devices
 C - a wand of magic darts (17)
 G - a wand of magic darts (28)
Scrolls
 e - 4 scrolls of remove curse
 h - a scroll of fear
 k - 4 scrolls of fog
 o - a scroll of random uselessness {unknown}
 r - a scroll of noise {unknown}
 u - a scroll of magic mapping {unknown}
 v - 4 scrolls of amnesia
 z - 3 scrolls of teleportation
 H - 4 scrolls of recharging
 K - a scroll of enchant weapon {unknown}
 M - a scroll of immolation {unknown}
 N - a scroll of identify
 P - a scroll of vulnerability {unknown}
 S - a scroll of blinking {unknown}
Potions
 f - 5 potions of curing
 l - a potion of cure mutation {unknown}
 m - a potion of agility {unknown}
 t - a potion of degeneration {unknown}
 x - 3 potions of brilliance
 D - 2 potions of lignification
 I - a potion of haste {unknown}
 Q - 3 potions of cancellation
 T - a potion of heal wounds
Books
 c - a book of Minor Magic

   Spells                             Type                      Level
   a - Magic Dart                     Conjuration                  1
   b - Blink                          Translocation                2
   c - Call Imp                       Summoning                    2
   d - Repel Missiles                 Charms/Air                   2
   e - Slow                           Hexes                        2
   f - Conjure Flame                  Conjuration/Fire             3
   g - Mephitic Cloud                 Conjuration/Poison/Air       3
Comestibles
 d - 5 bread rations
 n - 2 slices of pizza
 q - 7 meat rations
 w - 11 fruits
 U - 6 chunks of flesh


   Skills:
 * Level 5.5 Dodging
 - Level 1.7 Stealth
 + Level 4.8 Spellcasting
 + Level 12.2 Conjurations
   Level 1.0 Summonings
 - Level 0.8 Translocations


You had 7 spell levels left.
You knew the following spells:

 Your Spells              Type           Power        Failure   Level  Hunger
a - Magic Dart            Conj           ####         1%          1    None
b - Blink                 Tloc           N/A          12%         2    None
c - Repel Missiles        Chrm/Air       #.....       17%         2    None
d - Mephitic Cloud        Conj/Pois/Air  ###.....     8%          3    ##.....
e - Conjure Flame         Conj/Fire      ####....     2%          3    ##.....


Dungeon Overview and Level Annotations

Branches:
Dungeon (9/15)             Temple (1/1) D:6            Lair (0/8) D:9
    Orc: D:9-12

Altars:
Cheibriados
Dithmenos
Elyvilon
Fedhas
Gozag
Kikubaaqudgha
Makhleb
Nemelex Xobeh
Qazlal
Ru
Trog
Vehumet
Xom
Yredelemnul
Zin


Innate Abilities, Weirdness & Mutations

You are surrounded by a moderate repulsion field (EV +3).
You can steal the life force of defeated enemies.
You are mostly covered in sharp spines.
Scrolls take you longer to read.
You are somewhat resistant to further mutation.


Message History

You assume a fearsome visage.
The orc priest resists with some effort.
The hobgoblin looks frightened!
The hobgoblin shouts!
The orc looks frightened!
The crimson imp is unaffected.
The orc wizard looks frightened!
The orc looks frightened!
The orc looks frightened!
The ogre looks frightened!
Unknown command.
You barely miss the orc priest.
The orc wizard casts a spell.
The orc wizard blinks!
The orc priest mumbles some strange prayers to Beogh against you.
Something smites you!
* * * LOW HITPOINT WARNING * * *
You closely miss the orc priest.
The orc wizard mumbles some strange words.
The orc wizard blinks!
The orc priest invokes the aid of Beogh against you.
Something smites you!
You die...

#... #... . . #..## .... #..#.
....# #..' #....# #######..#
#....##
......o..#########......
....§......O.............
#####.........@.(.o.........[..
#............o##########.......
#........o..§. ........#.......
#....o........#........#.......
#.............#........#o......
#..........o.5#>.....%.#..?....
#....o.!......#................
#.......$.....#.........8.8.8.8
#.)...........#...$............


You could see an ogre (fleeing), an orc priest, an orc wizard (fleeing), a
crimson imp and 3 orcs.

Vanquished Creatures
  Pikel (D:4)
  Joseph (D:8)
  A troll (D:9)
  The ghost of busb the Caller, an average OpSu (D:6)
  A hippogriff (D:8)
  A warg (D:9)
  An orc warrior (D:7)
  2 slaves (D:4)
  2 sky beasts
  A centaur (D:8)
  3 ogres
  The ghost of busb the Caller, an average OpSu (D:3)
  A gnoll sergeant (D:8)
  3 giant frogs
  4 scorpions
  3 killer bees (D:9)
  A crimson imp (D:8)
  3 hounds
  2 goliath beetles
  A giant frog zombie (D:7)
  2 orc priests (D:9)
  A giant frog skeleton (D:5)
  3 orc wizards
  10 worker ants
  A gnoll shaman (D:4)
  2 iguanas
  A hound skeleton (D:9)
  13 gnolls
  14 adders
  3 shadow imps
  2 giant mites
  4 worms
  An adder zombie (D:5)
  An adder skeleton (D:4)
  6 giant geckos
  2 oozes
  17 orcs
  4 ball pythons (Sewer)
  18 bats
  A bat skeleton (D:8)
  2 giant cockroaches (D:2)
  16 hobgoblins
  22 jackals
  8 quokkas
  A giant cockroach zombie (D:6)
  10 giant newts
  12 goblins
  A jackal skeleton (D:5)
  17 kobolds
  15 rats
  3 plants (Sewer)
247 creatures vanquished.

Vanquished Creatures (others)
  A human (D:2)
  An orc priest (D:4)
  A giant frog skeleton (D:4)
  3 orc wizards (D:4)
  2 adders (D:4)
  2 orcs (D:4)
  A rat (D:4)
  A plant (Sewer)
12 creatures vanquished.

Grand Total: 259 creatures vanquished

Notes
Turn   | Place    | Note
--------------------------------------------------------------
     0 | D:1      | Fiveotanaka, the Demonspawn Wizard, began the quest for the Orb.
     0 | D:1      | Reached XP level 1. HP: 13/13 MP: 4/4
   346 | D:1      | Gained mutation: You are surrounded by a mild repulsion field (EV +2). [demonic ancestry]
   346 | D:1      | Reached XP level 2. HP: 16/19 MP: 3/6
   502 | D:1      | Gained mutation: You can steal the life force of nearby defeated enemies. [demonic ancestry]
   502 | D:1      | Reached XP level 3. HP: 22/24 MP: 2/7
   535 | D:1      | Learned a level 2 spell: Blink
   538 | D:1      | Learned a level 2 spell: Repel Missiles
   542 | D:1      | Learned a level 3 spell: Mephitic Cloud
  1027 | D:2      | Found a sparkling altar of Nemelex Xobeh.
  1406 | D:2      | Reached XP level 4. HP: 30/30 MP: 6/9
  1462 | D:2      | Reached skill level 4 in Conjurations
  1655 | D:2      | Found a basalt altar of Yredelemnul.
  1752 | D:2      | Found an ancient bone altar of Kikubaaqudgha.
  1752 | D:2      | Noticed a human
  1756 | D:2      | Killed a human
  2225 | D:3      | Reached skill level 5 in Conjurations
  2225 | D:3      | Gained mutation: You can steal the life force of defeated enemies. [demonic ancestry]
  2225 | D:3      | Reached XP level 5. HP: 35/35 MP: 7/11
  2713 | D:3      | Noticed busb's ghost (average OpSu)
  2739 | D:3      | Killed busb's ghost
  2739 | D:3      | Reached skill level 6 in Conjurations
  2739 | D:3      | Gained mutation: You are partially covered in sharp spines. [demonic ancestry]
  2739 | D:3      | Reached XP level 6. HP: 41/41 MP: 2/12
  3701 | D:4      | Reached skill level 7 in Conjurations
  3914 | D:4      | Reached XP level 7. HP: 46/46 MP: 10/14
  3951 | D:4      | Noticed a moth of wrath
  3989 | D:4      | Noticed Pikel
  4000 | D:4      | HP: 2/46 [Pikel/whip of freezing (1)]
  4011 | D:4      | Killed Pikel
  4011 | D:4      | Reached skill level 9 in Conjurations
  4227 | D:4      | Reached XP level 8. HP: 52/52 MP: 14/16
  4262 | D:4      | Found a bloodstained altar of Trog.
  4429 | D:4      | Found a glowing silver altar of Zin.
  4430 | D:4      | Found an opulent altar of Gozag.
  4596 | D:5      | Entered Level 5 of the Dungeon
  4811 | D:5      | Found a glowing drain.
  4876 | Sewer    | Entered a sewer
  5936 | D:5      | Reached skill level 10 in Conjurations
  6507 | D:6      | Found a staircase to the Ecumenical Temple.
  6515 | Temple   | Entered the Ecumenical Temple
  6523 | Temple   | Became a worshipper of Vehumet
  7032 | D:6      | Noticed busb's ghost (average OpSu)
  7048 | D:6      | Killed busb's ghost
  7048 | D:6      | Reached skill level 11 in Conjurations
  7142 | D:6      | Found a white marble altar of Elyvilon.
  7360 | D:6      | Found a shimmering altar of Xom.
  7363 | D:6      | Found a stormy altar of Qazlal.
  7382 | D:6      | Found a blossoming altar of Fedhas.
  7445 | D:6      | Found a sacrificial altar of Ru.
  7797 | D:7      | Learned a level 3 spell: Conjure Flame
  7865 | D:7      | Found a shadowy altar of Dithmenos.
  7933 | D:7      | Found a bloodstained altar of Trog.
  8041 | D:7      | Gained mutation: You are surrounded by a moderate repulsion field (EV +3). [demonic ancestry]
  8041 | D:7      | Reached XP level 9. HP: 53/57 MP: 12/17
  8589 | D:7      | Acquired Vehumet's first power
  8589 | D:7      | Offered knowledge of Sandblast by Vehumet.
  9155 | D:8      | Noticed Joseph
  9174 | D:8      | Killed Joseph
  9334 | D:8      | Found a snail-covered altar of Cheibriados.
  9610 | D:8      | Found a burning altar of Makhleb.
 10104 | D:9      | Found a staircase to the Lair.
 10767 | D:8      | Reached skill level 12 in Conjurations
 10874 | D:9      | Reached skill level 5 in Dodging
 11000 | D:8      | Gained mutation: Scrolls take you a little longer to read. [mutagenic meat]
 11001 | D:8      | Gained mutation: Scrolls take you longer to read. [mutagenic meat]
 11002 | D:8      | Gained mutation: You are somewhat resistant to further mutation. [mutagenic meat]
 11261 | D:9      | Gained mutation: You are mostly covered in sharp spines. [demonic ancestry]
 11261 | D:9      | Reached XP level 10. HP: 63/63 MP: 20/21
 11361 | D:9      | Killed from afar by an orc priest

Action                   |  1- 3 |  4- 6 |  7- 9 | 10-12 || total
-------------------------+-------+-------+-------+-------++-------
Melee: Dagger            |    48 |   122 |   506 |     2 ||   678
 Cast: Magic Dart        |    42 |   125 |   270 |     1 ||   438
       Mephitic Cloud    |       |       |    11 |       ||    11
       Conjure Flame     |       |       |     9 |       ||     9
       Blink             |       |       |     3 |       ||     3
       Repel Missiles    |       |       |     1 |       ||     1
  Use: Potion            |       |       |     3 |       ||     3
       Scroll            |       |       |    16 |     1 ||    17
 Stab: Sleeping          |       |     1 |     1 |       ||     2
       Confused          |       |       |     4 |       ||     4
  Eat: Chunk             |     1 |     8 |    33 |       ||    42
       Pizza             |       |       |     2 |       ||     2
